 Dungeon Crawl Stone Soup version 0.18-a0-1804-g0930707 (webtiles) character file.

270 Kenran the Conjurer (level 6, -3/41 HPs)
             Began as a Human Conjurer on Apr 25, 2016.
             Slain by a gnoll
             ... wielding a +0 spear
              (7 damage)
             ... on level 4 of the Dungeon.
             The game lasted 00:30:38 (4573 turns).

Kenran the Conjurer (Human Conjurer)                Turns: 4573, Time: 00:30:38

Health: -3/41      AC:  3    Str:  8    XL:     6   Next: 46%
Magic:  13/13      EV: 12    Int: 17    God:
Gold:   92         SH:  0    Dex: 14    Spells: 1 memorised, 13 levels left

rFire  . . .     SeeInvis .     e - +0 club
rCold  . . .     Gourm    .     a - +0 robe
rNeg   . . .     Faith    .     (no shield)
rPois  .         Spirit   .     (no helmet)
rElec  .         Dismiss  .     p - +0 cloak
rCorr  .         Reflect  .     (no gloves)
SustAt .         Harm     .     (no boots)
MR     .....                    (no amulet)
Stlth  ++........               (no ring)
                                (no ring)

@: not resistant to hostile enchantments, unstealthy
A: no striking features
a: no special abilities


You were on level 4 of the Dungeon.
You were very hungry.

You visited 1 branch of the dungeon, and saw 4 of its levels.

You collected 92 gold pieces.

Inventory:

Hand Weapons
 e - a +0 club (weapon)
Armour
 a - a +0 robe (worn)
 p - a +0 cloak (worn)
Jewellery
 i - an uncursed amulet of magic regeneration {unknown}
 j - an uncursed ring of protection from cold {unknown}
 o - an uncursed ring of poison resistance {unknown}
Scrolls
 d - a scroll of teleportation {unknown}
 f - 4 scrolls of identify {unknown}
 q - a scroll of remove curse {unknown}
 r - a scroll of fog {unknown}
Potions
 g - a potion of curing {unknown}
 h - a potion of heal wounds {unknown}
 k - a potion of agility {unknown}
 l - a potion of beneficial mutation {unknown}
 m - a potion of flight {unknown}
Books
 b - a book of Conjurations

   Spells                             Type                      Level
   a - Magic Dart                     Conjuration                  1
   b - Searing Ray                    Conjuration                  2
   c - Dazzling Spray                 Conjuration/Hexes            3
   d - Fulminant Prism                Conjuration/Hexes            4
   e - Iskenderun's Mystic Blast      Conjuration                  4
   f - Iskenderun's Battlesphere      Conjuration/Charms           5
Comestibles
 c - 2 bread rations


   Skills:
 - Level 2.0 Dodging
 - Level 2.0 Stealth
 + Level 4.9 Spellcasting
 - Level 5.2 Conjurations


You had 13 spell levels left.
You knew the following spells:

 Your Spells              Type           Power        Failure   Level  Hunger
a - Magic Dart            Conj           ###.         1%          1    None


Dungeon Overview and Level Annotations

Branches:
Dungeon (4/15)
 Temple: D:4-7

Altars:
Sif Muna
Trog
Xom

Annotations:
D:3 Gottschkopf's ghost, amateur NaBe


Message History

The gnoll hits you but does no damage. The crimson imp hits you.
The gnoll hits you from afar with a spear.
You barely miss the crimson imp.
The crimson imp is lightly wounded.
The gnoll hits you from afar with a spear.
The crimson imp blinks!
The gnoll hits you from afar with a spear!
* * * LOW HITPOINT WARNING * * *
A crimson imp comes into view.
The gnoll hits you from afar with a spear!
* * * LOW HITPOINT WARNING * * *
The crimson imp shouts!
The crimson imp blinks!
The gnoll misses you.
The crimson imp shouts, "Flee, thou vain earth-vexing haggard!"
The crimson imp blinks!
The crimson imp blinks!
You see here a club.
The gnoll hits you from afar with a spear!
You die...

#.# #.#
#[########.#.####### #.#
#.# #>.................#
#.#
##.####g########.###.###..
#.# .........# #.# #5# ##.
..# .........# #.# #.# .
### .......).# #.# #.# .
.#+####.## #.# #.# #
#.########.###.##### #
#..@.g..o5.....(.... #.
##########..ยง....... #.
#.........#####
#.#########....o....#
#...................#
#...............5...#
#..........#####.......
###...........##.o.....
#........##.##.......#


You could see a gnoll, a crimson imp and an orc.

Vanquished Creatures
  A howler monkey (D:4)
  3 orc wizards
  An orc priest (D:4)
  5 gnolls (D:4)
  An ooze (D:3)
  2 worms
  8 orcs
  3 bats (D:1)
  5 goblins
  6 hobgoblins
  5 jackals
  5 kobolds
  A quokka (D:4)
  A ball python (D:3)
  3 giant newts
  9 rats
59 creatures vanquished.

Notes
Turn   | Place    | Note
--------------------------------------------------------------
     0 | D:1      | Kenran the Human Conjurer began the quest for the Orb.
     0 | D:1      | Reached XP level 1. HP: 13/13 MP: 3/3
   326 | D:1      | Reached XP level 2. HP: 19/19 MP: 1/5
  1279 | D:2      | Reached XP level 3. HP: 24/24 MP: 7/7
  1500 | D:2      | Found a shimmering altar of Xom.
  1501 | D:2      | Found a shimmering altar of Xom.
  1523 | D:2      | Found a shimmering altar of Xom.
  1525 | D:2      | Found a shimmering altar of Xom.
  1526 | D:2      | Found a shimmering altar of Xom.
  1817 | D:2      | Found a deep blue altar of Sif Muna.
  2360 | D:3      | Noticed Gottschkopf's ghost (amateur NaBe)
  2403 | D:3      | Found a bloodstained altar of Trog.
  2796 | D:3      | Reached XP level 4. HP: 30/30 MP: 3/8
  3052 | D:3      | Reached skill level 5 in Conjurations
  3564 | D:4      | Reached XP level 5. HP: 27/35 MP: 2/10
  4077 | D:4      | Reached XP level 6. HP: 26/41 MP: 5/12
  4573 | D:4      | Slain by a gnoll

Vault maps used:
D:1:      lightli_arrival_chessboard, minmay_misc_feat_iff, serial_park_tiny_2
D:2:      xom_redecorated, lemuel_doored_altar, first_bread
D:3:      old_standard_altar
D:4:      temple_hall, nicolae_ru_sacrificial_ziggurat

Skill      XL: |  1  2  3  4  5 |
---------------+----------------+-----
Spellcasting   | 3 4 |  4.9
Conjurations   | 5 |  5.2
Dodging        | |  2.0
Stealth        | |  2.0

Action                   |  1- 3 |  4- 6 || total
-------------------------+-------+-------++-------
Melee: Club              |    54 |    61 ||   115
 Cast: Magic Dart        |    79 |   108 ||   187
 Stab: Sleeping          |     2 |       ||     2
  Eat: Chunk             |     4 |     3 ||     7
       Royal jelly       |     1 |       ||     1
       Beef jerky        |       |     1 ||     1
Armor: Robe              |    13 |    16 ||    29
Dodge: Dodged            |    42 |    66 ||   108
